3L
PHILADELPHIA 1776 BC @ HARTFORD WHALERS
09/23/2020
 
TOP OF THE 1ST
Philadelphia 1776 BC batting - Pitching for Hartford Whalers : LHP Lorenzo Sánchez
Pitching: LHP Lorenzo Sánchez
Batting: LHB Manuel García 0-0: Ball
1-0: Called Strike
1-1: Ball
2-1: Ball
3-1: Called Strike
3-2: Fly out, F5 (Popup, 5F)
Batting: RHB Brian O'Brian 0-0: Ball
1-0: Ball
2-0: Fly out, F9 (Popup, 4D)
Batting: RHB Yuji Ine 0-0: Swinging Strike
0-1: Swinging Strike
0-2: Ball
1-2: Strikes out swinging
Top of the 1st over - 0 run(s), 0 hit(s), 0 error(s), 0 left on base; Philadelphia 1776 0 - Hartford 0
BOTTOM OF THE 1ST
Hartford Whalers batting - Pitching for Philadelphia 1776 BC : RHP Jeff Territt
Pitching: RHP Jeff Territt
Batting: LHB Norm Ortega 0-0: SINGLE (Line Drive, 6MD)
Batting: RHB Román Centena 0-0: Swinging Strike
0-1: Ball
1-1: TRIPLE (Flyball, 8LM)
Norm Ortega scores
Batting: LHB César Durán 0-0: Ground out 4-3 (Groundball, 4M)
Román Centena scores
Batting: RHB Nate Cates 0-0: Foul Ball, location: 2F
0-1: Swinging Strike
0-2: Ball
1-2: Ball
2-2: Ball
3-2: Ground out 6-3 (Groundball, 6)
Batting: RHB Russell Jackson 0-0: Swinging Strike
0-1: Swinging Strike
0-2: Ball
1-2: Strikes out swinging
Bottom of the 1st over - 2 run(s), 2 hit(s), 0 error(s), 0 left on base; Philadelphia 1776 0 - Hartford 2
TOP OF THE 2ND
Philadelphia 1776 BC batting - Pitching for Hartford Whalers : LHP Lorenzo Sánchez
Batting: RHB Gus Gibbs 0-0: Ball
1-0: Ball
2-0: Ball
3-0: Base on Balls
Batting: RHB Cris López 0-0: Called Strike
0-1: Ball
1-1: Ball
2-1: Fielders Choice at 2nd, 5-4 (Groundball, 5)
Batting: RHB Joe Smith 0-0: Ball
1-0: Called Strike
1-1: Ball
2-1: Grounds into double play, 6-4-3 (Groundball, 6M)
Top of the 2nd over - 0 run(s), 0 hit(s), 0 error(s), 0 left on base; Philadelphia 1776 0 - Hartford 2
BOTTOM OF THE 2ND
Hartford Whalers batting - Pitching for Philadelphia 1776 BC : RHP Jeff Territt
Batting: LHB José Marín 0-0: SINGLE (Line Drive, 89M)
Batting: LHB Gerald Holloway 0-0: Swinging Strike
0-1: Ball
1-1: DOUBLE (Line Drive, 5D)
José Marín to third
Runner from 3rd tries for Home, SAFE, no throw or cutoff
Batting: RHB Mike Brown 0-0: Ball
1-0: Ball
2-0: Ground out 5-3 (Groundball, 5S)
Gerald Holloway to third
Batting: LHB Lorenzo Sánchez 0-0: Called Strike
0-1: Ball
1-1: Ball
2-1: Called Strike
2-2: Strikes out swinging
Batting: LHB Norm Ortega 0-0: Foul Ball, location: 2F
0-1: Fly out, F7 (Flyball, 7M)
Bottom of the 2nd over - 1 run(s), 2 hit(s), 0 error(s), 1 left on base; Philadelphia 1776 0 - Hartford 3
TOP OF THE 3RD
Philadelphia 1776 BC batting - Pitching for Hartford Whalers : LHP Lorenzo Sánchez
Batting: RHB Jesús Orozco 0-0: Ball
1-0: Ground out 4-3 (Groundball, 4)
Batting: RHB Manny Hernández 0-0: Ball
1-0: Ball
2-0: Ball
3-0: Called Strike
3-1: Swinging Strike
3-2: Strikes out swinging
Batting: RHB Jeff Territt 0-0: Called Strike
0-1: Ball
1-1: Ball
2-1: Ball
3-1: Foul Ball, location: 2F
3-2: Fly out, F9 (Popup, 89S)
Top of the 3rd over - 0 run(s), 0 hit(s), 0 error(s), 0 left on base; Philadelphia 1776 0 - Hartford 3
BOTTOM OF THE 3RD
Hartford Whalers batting - Pitching for Philadelphia 1776 BC : RHP Jeff Territt
Batting: RHB Román Centena 0-0: Ball
1-0: Ball
2-0: Foul Ball, location: 2F
2-1: Called Strike
2-2: Fly out, F2 (Popup, 2LF)
Batting: LHB César Durán 0-0: Called Strike
0-1: SOLO HOME RUN (Flyball, 9D), Distance : 366 ft
Batting: RHB Nate Cates 0-0: Ball
1-0: Foul Ball, location: 2F
1-1: Foul Ball, location: 2F
1-2: Foul Ball, location: 2F
1-2: Ball
2-2: Ball
3-2: Ground out 6-3 (Groundball, 6M)
Batting: RHB Russell Jackson 0-0: Ball
1-0: Ball
2-0: Called Strike
2-1: Ground out 5-3 (Groundball, 56)
Bottom of the 3rd over - 1 run(s), 1 hit(s), 0 error(s), 0 left on base; Philadelphia 1776 0 - Hartford 4
TOP OF THE 4TH
Philadelphia 1776 BC batting - Pitching for Hartford Whalers : LHP Lorenzo Sánchez
Batting: LHB Manuel García 0-0: Fly out, F9 (Flyball, 9M)
Batting: RHB Brian O'Brian 0-0: Called Strike
0-1: Ball
1-1: Ball
2-1: Foul Ball, location: 2F
2-2: Ball
3-2: Foul Ball, location: 2F
3-2: Ground out 6-3 (Groundball, 6M)
Batting: RHB Yuji Ine 0-0: DOUBLE (Flyball, 8RXD)
Batting: RHB Gus Gibbs 0-0: DOUBLE (Groundball, 5L)
Yuji Ine scores
Batting: RHB Cris López 0-0: Called Strike
0-1: Ball
1-1: Ball
2-1: Ground out 4-3 (Groundball, 4)
Top of the 4th over - 1 run(s), 2 hit(s), 0 error(s), 1 left on base; Philadelphia 1776 1 - Hartford 4
BOTTOM OF THE 4TH
Hartford Whalers batting - Pitching for Philadelphia 1776 BC : RHP Jeff Territt
Batting: LHB José Marín 0-0: Ball
1-0: Ball
2-0: Ball
3-0: Base on Balls
Batting: LHB Gerald Holloway 0-0: Ball
1-0: Ball
2-0: Swinging Strike
2-1: DOUBLE (Line Drive, 3D)
José Marín to third
Batting: RHB Mike Brown 0-0: Ball
1-0: Ground out 5-3 (Groundball, 5)
Batting: LHB Lorenzo Sánchez 0-0: Called Strike
0-1: Ball
1-1: Called Strike
1-2: Strikes out swinging
Batting: LHB Norm Ortega 0-0: Swinging Strike
0-1: Swinging Strike
0-2: Ball
1-2: Ground out 1-3 (Groundball, 13)
Bottom of the 4th over - 0 run(s), 1 hit(s), 0 error(s), 2 left on base; Philadelphia 1776 1 - Hartford 4
TOP OF THE 5TH
Philadelphia 1776 BC batting - Pitching for Hartford Whalers : LHP Lorenzo Sánchez
Batting: RHB Joe Smith 0-0: Foul Ball, location: 2F
0-1: Ball
1-1: SOLO HOME RUN (Flyball, 78XD), Distance : 424 ft
Batting: RHB Jesús Orozco 0-0: Ball
1-0: Foul Ball, location: 2F
1-1: Called Strike
1-2: Foul Ball, location: 2F
1-2: Ball
2-2: Fly out, F2 (Popup, 2RF)
Batting: RHB Manny Hernández 0-0: Called Strike
0-1: Fly out, F9 (Flyball, 9LMF)
Batting: RHB Jeff Territt 0-0: Ball
1-0: Ball
2-0: Swinging Strike
2-1: Foul Ball, location: 2F
2-2: Foul Ball, location: 2F
2-2: Foul Ball, location: 2F
2-2: Ball
3-2: Base on Balls
Batting: LHB Manuel García 0-0: Foul Ball, location: 2F
0-1: Ground out 1-3 (Groundball, 13S)
Top of the 5th over - 1 run(s), 1 hit(s), 0 error(s), 1 left on base; Philadelphia 1776 2 - Hartford 4
BOTTOM OF THE 5TH
Hartford Whalers batting - Pitching for Philadelphia 1776 BC : RHP Jeff Territt
Batting: RHB Román Centena 0-0: Fly out, F8 (Flyball, 8LD)
Batting: LHB César Durán 0-0: Ball
1-0: Called Strike
1-1: Ball
2-1: SINGLE (Line Drive, 3D)
Batting: RHB Nate Cates 0-0: Ball
1-0: Fly out, F9 (Flyball, 9LM)
Batting: RHB Russell Jackson 0-0: Ball
1-0: Swinging Strike
1-1: Foul Ball, location: 2F
1-2: Strikes out swinging
Bottom of the 5th over - 0 run(s), 1 hit(s), 0 error(s), 1 left on base; Philadelphia 1776 2 - Hartford 4
TOP OF THE 6TH
Philadelphia 1776 BC batting - Pitching for Hartford Whalers : LHP Lorenzo Sánchez
Batting: RHB Brian O'Brian 0-0: Ball
1-0: Ground out 5-3 (Groundball, 56S)
Batting: RHB Yuji Ine 0-0: Called Strike
0-1: Ground out 3-1 (Groundball, 34)
Batting: RHB Gus Gibbs 0-0: Fly out, F5 (Line Drive, 56)
Top of the 6th over - 0 run(s), 0 hit(s), 0 error(s), 0 left on base; Philadelphia 1776 2 - Hartford 4
BOTTOM OF THE 6TH
Hartford Whalers batting - Pitching for Philadelphia 1776 BC : RHP Jeff Territt
Batting: LHB José Marín 0-0: Ball
1-0: Called Strike
1-1: Ground out 3-1 (Groundball, 3)
Batting: LHB Gerald Holloway 0-0: Ball
1-0: Ball
2-0: Ground out 6-3 (Groundball, 6M)
Batting: RHB Mike Brown 0-0: Called Strike
0-1: Foul Ball, location: 2F
0-2: Ball
1-2: Ground out 5-3 (Groundball, 5L)
Bottom of the 6th over - 0 run(s), 0 hit(s), 0 error(s), 0 left on base; Philadelphia 1776 2 - Hartford 4
TOP OF THE 7TH
Philadelphia 1776 BC batting - Pitching for Hartford Whalers : LHP Lorenzo Sánchez
Batting: RHB Cris López 0-0: Called Strike
0-1: Ball
1-1: Foul Ball, location: 2F
1-2: SINGLE (Groundball, 56D)
Batting: RHB Joe Smith 0-0: Ball
1-0: Swinging Strike
1-1: Swinging Strike
1-2: Foul Ball, location: 2F
1-2: Strikes out swinging
Cris López steals 2nd base
Batter strikes out.
Batting: RHB Jesús Orozco 0-0: Ground out 6-3 (Groundball, 6M)
Cris López to third
Batting: RHB Manny Hernández 0-0: Ball
1-0: Ball
2-0: Ball
3-0: Base on Balls
Batting: RHB Jeff Territt 0-0: Ball
1-0: Swinging Strike
1-1: Swinging Strike
1-2: Ball
2-2: Strikes out looking
Top of the 7th over - 0 run(s), 1 hit(s), 0 error(s), 2 left on base; Philadelphia 1776 2 - Hartford 4
BOTTOM OF THE 7TH
Hartford Whalers batting - Pitching for Philadelphia 1776 BC : RHP Jeff Territt
Batting: LHB Lorenzo Sánchez 0-0: Ball
1-0: Swinging Strike
1-1: Foul Ball, location: 2F
1-2: Ball
2-2: Foul Ball, location: 2F
2-2: Ball
3-2: DOUBLE (Line Drive, 4)
Batting: LHB Norm Ortega 0-0: Ball
1-0: Ground out U3 (Groundball, 3L)
Lorenzo Sánchez to third
Batting: RHB Román Centena 0-0: Called Strike
0-1: Called Strike
0-2: Strikes out looking
Batting: LHB César Durán 0-0: Called Strike
0-1: Ball
1-1: SINGLE (Groundball, 34D)
Lorenzo Sánchez scores
Batting: RHB Nate Cates 0-0: Ball
1-0: Called Strike
1-1: Ball
2-1: Ball
3-1: Base on Balls
César Durán to second
Batting: RHB Russell Jackson 0-0: Ground out 6-3 (Groundball, 6)
Bottom of the 7th over - 1 run(s), 2 hit(s), 0 error(s), 2 left on base; Philadelphia 1776 2 - Hartford 5
TOP OF THE 8TH
Philadelphia 1776 BC batting - Pitching for Hartford Whalers : LHP Lorenzo Sánchez
Batting: LHB Manuel García 0-0: Ball
1-0: Ball
2-0: Ball
3-0: Called Strike
3-1: Swinging Strike
3-2: SINGLE (Groundball, 15S) (infield hit)
Batting: RHB Brian O'Brian 0-0: Ball
1-0: Swinging Strike
1-1: Ball
2-1: Foul Ball, location: 2F
2-2: Foul Ball, location: 2F
2-2: Foul Ball, location: 2F
2-2: Foul Ball, location: 2F
2-2: SINGLE (Line Drive, 7S)
Manuel García to second
Batting: RHB Yuji Ine 0-0: Foul Ball, location: 2F
0-1: Swinging Strike
0-2: Ground out 5-3 (Groundball, 5S)
Manuel García to third
Brian O'Brian to second
Batting: RHB Gus Gibbs 0-0: SINGLE (Groundball, 6MD)
Manuel García scores
Brian O'Brian to third
Runner from 3rd tries for Home, SAFE, no throw or cutoff
Batting: RHB Cris López 0-0: Ball
1-0: Ball
2-0: Called Strike
2-1: Foul Ball, location: 2F
2-2: Foul Ball, location: 2F
2-2: Ball
3-2: 2-RUN HOME RUN (Flyball, 78XD), Distance : 437 ft
Pitching: RHP Matt Harris
Batting: RHB Joe Smith 0-0: Ball
1-0: Foul Ball, location: 2F
1-1: Ball
2-1: Ball
3-1: Foul Ball, location: 2F
3-2: Strikes out looking
Batting: RHB Jesús Orozco 0-0: Called Strike
0-1: Fly out, F9 (Flyball, 89M)
Top of the 8th over - 4 run(s), 4 hit(s), 0 error(s), 0 left on base; Philadelphia 1776 6 - Hartford 5
BOTTOM OF THE 8TH
Hartford Whalers batting - Pitching for Philadelphia 1776 BC : RHP Jeff Territt
Batting: LHB José Marín 0-0: Called Strike
0-1: Swinging Strike
0-2: Ball
1-2: Ball
2-2: Foul Ball, location: 2F
2-2: Ground out 3-1 (Groundball, 34)
Batting: LHB Gerald Holloway 0-0: Ball
1-0: Ball
2-0: Ball
3-0: Base on Balls
Pitching: LHP Francisco Carrasco
Now at C: Gil Moore
Batting: RHB Mike Brown 0-0: Ball
1-0: Called Strike
1-1: Ball
2-1: Ball
3-1: Called Strike
3-2: Base on Balls
Gerald Holloway to second
Pinch Hitting: RHB Dave O'Day 0-0: Called Strike
0-1: Ball
1-1: Ball
Passed Ball!
Gerald Holloway to third
Mike Brown to second
2-1: Foul Ball, location: 2F
2-2: Ball
3-2: Strikes out swinging
Pinch Hitting: RHB Javier Díaz 0-0: Called Strike
0-1: Ball
1-1: Ball
2-1: Ball
3-1: Base on Balls
Batting: RHB Román Centena 0-0: Ball
1-0: Swinging Strike
1-1: Ball
2-1: Ball
3-1: SINGLE (Groundball, 56D)
Gerald Holloway scores
Mike Brown to third
Javier Díaz to second
Runner from 3rd tries for Home, SAFE, no throw or cutoff
Pinch Hitting: SHB Julian Anthony 0-0: Called Strike
0-1: Swinging Strike
0-2: Foul Ball, location: 2F
0-2: Ball
1-2: Strikes out swinging
Bottom of the 8th over - 2 run(s), 1 hit(s), 0 error(s), 2 left on base; Philadelphia 1776 6 - Hartford 7
TOP OF THE 9TH
Philadelphia 1776 BC batting - Pitching for Hartford Whalers : RHP Matt Harris
Pitching: LHP Francisco Chávez
Now at 1B: Julian Anthony
Now at 3B: Akahele Kimokeo
Pinch Hitting: LHB Chris Nelson 0-0: Ball
1-0: Foul Ball, location: 2F
1-1: Swinging Strike
1-2: Strikes out looking
Batting: RHB Gil Moore 0-0: Called Strike
0-1: Ball
1-1: Foul Ball, location: 2F
1-2: Foul Ball, location: 2F
1-2: Strikes out swinging
Batting: LHB Manuel García 0-0: Called Strike
0-1: Ball
1-1: Ball
2-1: Called Strike
2-2: SINGLE (Line Drive, 8RS)
Batting: RHB Brian O'Brian 0-0: Ball
1-0: Ball
2-0: Foul Ball, location: 2F
2-1: Called Strike
2-2: Foul Ball, location: 2F
2-2: Fly out, F9 (Line Drive, 89M)
Top of the 9th over - 0 run(s), 1 hit(s), 0 error(s), 1 left on base; Philadelphia 1776 6 - Hartford 7
This league is powered by Out of the Park Baseball, the baseball management simulation game for PC, Mac and Linux
Friday, October 23rd, 2015 - OOTP Baseball 16.9 Build 39